 Dungeon Crawl Stone Soup version 0.23-a0-296-ga3b1b28 (webtiles) character file.

220 iamserjio the Ruffian (level 5, -12/28 HPs)
             Began as a Vine Stalker Hunter on Oct 5, 2018.
             Mangled by an ogre
             ... wielding a cursed -3 giant club
              (25 damage)
             ... on level 5 of the Dungeon.
             The game lasted 00:06:02 (917 turns).

iamserjio the Ruffian (Vine Stalker Hunter)          Turns: 917, Time: 00:06:03

Health: -12/28     AC:  6    Str: 15    XL:     5   Next: 97%
Magic:  0/6        EV: 11    Int: 12    God:
Gold:   92         SH:  0    Dex: 14    Spells: 4/4 levels left

rFire    . . .     SeeInvis .     - Unarmed
rCold    . . .     Gourm    .   (no shield)
rNeg     . . .     Faith    .   n - +0 ring mail
rPois    .         Spirit   +   (no helmet)
rElec    .         Reflect  .   i - +0 cloak
rCorr    .         Harm     .   (no gloves)
MR       .....                  (no boots)
Stlth    +.........             (no amulet)
HPRegen  0.49/turn              (no ring)
MPRegen  0.10/turn              (no ring)

@: no status effects
A: fangs 2, regeneration 1, magic shield, antimagic bite, no potion heal 3, rot
immunity
a: no special abilities


You were on level 5 of the Dungeon.
You were not hungry.

You visited 1 branch of the dungeon, and saw 5 of its levels.

You collected 92 gold pieces.

Inventory:

Hand Weapons
 a - a +0 short sword
Missiles
 c - 3 javelins (quivered)
 d - a throwing net {!f}
 p - 30 arrows
 r - 7 tomahawks
Armour
 b - a +0 leather armour
 i - a +0 cloak (worn)
 n - a +0 ring mail (worn)
Scrolls
 h - 5 scrolls of teleportation {unknown}
 j - a scroll of fog {unknown}
 k - a scroll of fear {unknown}
 o - a scroll of identify {unknown}
 q - 2 scrolls of remove curse {unknown}
Potions
 e - a potion of lignification {unknown}
 g - a potion of might
 l - a potion of curing {unknown}
Comestibles
 f - 3 rations


   Skills:
 + Level 3.4 Fighting
 - Level 3.6 Throwing
 - Level 1.5 Dodging
 - Level 1.2 Stealth
 * Level 4.4 Unarmed Combat


You had 4 spell levels left.
You didn't know any spells.
Your spell library was empty.

Dungeon Overview and Level Annotations

Branches:
Dungeon (5/15)
 Temple: D:4-7

Altars:
Sif Muna
Xom


Innate Abilities, Weirdness & Mutations

You have extremely sharp teeth.
Your natural rate of healing is unusually fast.
When hurt, damage is shared between your health and your magic reserves.
Your bite disrupts and absorbs the magic of your enemies.
Potions cannot restore your health.
You are immune to rotting.


Message History

Quivering
c - 6 javelins for throwing.
Throwing (i - inventory. (/) - cycle)
c - 6 javelins (quivered)
Aim: an ogre, wielding a giant club You throw a javelin.
The jelly quivers.
The javelin hits the ogre!
Throwing (i - inventory. (/) - cycle)
c - 5 javelins (quivered)
Aim: an ogre, wielding a giant club (moderately wounded)
You throw a javelin. The javelin barely misses the ogre.
The javelin hits the jelly!
Throwing (i - inventory. (/) - cycle)
c - 4 javelins (quivered)
Aim: an ogre, wielding a giant club (moderately wounded)
You throw a javelin. The javelin hits the ogre.
You hit the ogre but do no damage. Your bite misses the ogre.
The ogre hits you with a giant club!!
Ouch! That really hurt!
You hit the ogre. Your bite misses the ogre. The ogre closely misses you.
You hit the ogre but do no damage. The ogre hits you with a giant club!!
Ouch! That really hurt!
You die...

#+## .#
##..##.###
#........#
#........#
#........#
#........#
#........+
#.@<.....#
#O######+#
......(J...#
....(......#
....(...[..#
...........#
...........#
...........#
...........#


You could see an ogre and a jelly.

Vanquished Creatures
  A centaur (D:2)
  An iguana (D:2)
  An orc wizard (D:3)
  3 gnolls
  An adder (D:3)
  An ooze (D:3)
  2 worms
  A leopard gecko (D:1)
  5 orcs (D:3)
  8 bats
  2 giant cockroaches
  3 goblins
  5 hobgoblins
  2 jackals (D:1)
  2 frilled lizards (D:1)
  2 kobolds
  3 rats
43 creatures vanquished.

Notes
Turn   | Place    | Note
-------+----------+-------------------------------------------
     0 | D:1      | iamserjio the Vine Stalker Hunter began the quest for the
                  | Orb.
     0 | D:1      | Reached XP level 1. HP: 11/11 MP: 2/2
    14 | D:1      | Noticed an electric eel
    79 | D:1      | Reached skill level 1 in Unarmed Combat
    85 | D:1      | Reached XP level 2. HP: 3/15 MP: 3/3
   385 | D:3      | Found a deep blue altar of Sif Muna.
   387 | D:3      | Reached skill level 2 in Unarmed Combat
   387 | D:3      | Reached XP level 3. HP: 2/19 MP: 0/4
   504 | D:3      | Gained mutation: Your natural rate of healing is unusually
                  | fast. [Vine Stalker growth]
   504 | D:3      | Reached XP level 4. HP: 8/23 MP: 5/5
   532 | D:3      | Reached skill level 3 in Unarmed Combat
   582 | D:2      | Found a faded altar of an unknown god.
   584 | D:2      | Noticed a centaur
   599 | D:2      | Killed a centaur
   599 | D:2      | Reached XP level 5. HP: 5/28 MP: 1/6
   639 | D:2      | Reached skill level 4 in Unarmed Combat
   844 | D:3      | Found a shimmering altar of Xom.
   907 | D:5      | Entered Level 5 of the Dungeon
   909 | D:5      | Noticed an ogre
   917 | D:5      | Mangled by an ogre

Vault maps used:
D:1:      arrival_aquarium_a
D:2:      lemuel_zombie_altar_kikubaaqudgha,
          chequers_ecumenical_altar_simple_redux
D:3:      overflow_temple_1_default, xom_teletrap_fun, led_sif_book,
          first_ration
D:4:      yredelemnul_forgotten_temple_becter
D:5:      okawaru_altar_gauntlet_db

Skill      XL: |  1  2  3  4  5 |
---------------+----------------+-----
Fighting       | 2 3 |  3.4
Unarmed Combat | 1 2 3 4 |  4.4
Throwing       | |  3.6
Dodging        | |  1.5
Stealth        | |  1.2

Action                   |  1- 3 |  4- 6 || total
-------------------------+-------+-------++-------
Melee: Short sword       |    60 |       ||    60
       Bite              |    18 |    29 ||    47
       Unarmed           |    11 |    79 ||    90
       Punch             |       |     4 ||     4
Throw: Throwing net      |     1 |     1 ||     2
       Javelin           |       |     3 ||     3
  Use: Potion            |     1 |       ||     1
 Stab: Sleeping          |     5 |     1 ||     6
Armor: Leather armour    |    15 |       ||    15
       Ring mail         |       |    22 ||    22
Dodge: Dodged            |    51 |    46 ||    97

Table legend:
 A = Non-vault XP
 B = Vault XP
 C = Vault XP percentage of total XP
 D = Non-vault monster count
 E = Vault monster count
 F = Vault count percentage of total count
                 A         B        C        D         E       F
            +---------+---------+-------+---------+---------+-------
      Total |     315 |       0 |   0.0 |      43 |       0 |   0.0
            +---------+---------+-------+---------+---------+-------
        D:1 |      17 |       0 |   0.0 |      10 |       0 |   0.0
        D:2 |     201 |       0 |   0.0 |      19 |       0 |   0.0
        D:3 |      97 |       0 |   0.0 |      14 |       0 |   0.0
            +---------+---------+-------+---------+---------+-------
